Map: [ESL] Stargazers

Players

TeebuL

  • Race: Protoss Protoss
  • Spawn Location: 1:00

NXZ - Winner!

  • Race: Zerg Zerg
  • Spawn Location: 11:00

Event: DreamHack SC2 Masters 2022 Atlanta (Online)

VOD

Have the link to the VOD?

Description

Time

  • Played on: Sept. 29, 2022, 5:01 a.m.
  • Length: 5:13

All games in this series

Show
View Real Time Build Order
Export as new Build Order

TeebuL Protoss 

Build Orders: 1 Gate Expand 

Get SALT Encoding   

  12  0:00  Probe  
  13  0:12  Probe  
  14  0:19  Pylon  
  14  0:24  Probe  
  15  0:37  Probe (Chrono Boost)  
  15  0:38  Gateway  
  16  0:48  Probe (Chrono Boost)  
  17  0:51  Assimilator  
  17  0:53  Probe (Chrono Boost)  
  18  1:04  Probe  
  19  1:08  Pylon  
  19  1:16  Probe  
  20  1:25  Nexus  
  20  1:35  Cybernetics Core  
  20  1:38  Probe  
  21  1:48  Assimilator  
  21  1:50  Probe  
  21  1:53  Pylon  
  23  2:08  Stalker (Chrono Boost)  
  23  2:12  Warp Gate (Chrono Boost)  
  24  2:16  Gateway  
  24  2:18  Probe  
  24  2:30  Probe  
  24  2:33  Adept (Chrono Boost)  
  27  2:38  Probe  
  27  2:42  Probe  
  29  2:49  Shield Battery  
  29  2:54  Probe  
  29  2:55  Probe  
  29  2:58  Adept  
  33  3:04  Robotics Facility  
  33  3:07  Probe  
  33  3:08  Probe  
  34  3:21  Pylon  
  35  3:29  Shield Battery  
  35  3:33  Pylon  
  33  3:39  Gateway  
  33  3:46  Gateway  
  33  3:53  Adept  
  33  3:54  Adept  
  37  3:57  Shield Battery  
  35  4:06  Immortal (Chrono Boost)  
  37  4:15  Pylon  
  30  4:20  Stalker  
  30  4:27  Pylon  
  27  4:34  Stalker  
  27  4:37  Pylon  
Show
View Real Time Build Order
Export as new Build Order

NXZ Zerg - Winner!

Build Orders: Pool First 

Get SALT Encoding   

  12  0:00  Drone  
  13  0:12  Overlord  
  13  0:16  Drone  
  14  0:30  Drone x2  
  14  0:34  Drone  
  17  0:37  Extractor  
  16  0:46  Spawning Pool  
  16  0:49  Drone  
  16  0:55  Drone  
  17  1:06  Drone  
  18  1:21  Hatchery  
  17  1:33  Zergling x4  
  17  1:36  Metabolic Boost  
  17  1:39  Zergling x2  
  20  1:52  Roach Warren  
  19  2:01  Queen  
  21  2:12  Overlord  
  21  2:18  Overlord  
  21  2:32  Roach x2  
  21  2:35  Roach  
  27  2:41  Zergling x2  
  27  2:44  Zergling x2  
  29  2:46  Zergling x2  
  29  2:54  Zergling x2  
  29  2:57  Zergling x2  
  31  2:59  Ravager  
  31  3:01  Ravager  
  31  3:05  Zergling x2  
  34  3:07  Zergling x2  
  35  3:13  Zergling x2  
  35  3:17  Zergling x4  
  38  3:23  Zergling x2  
  38  3:27  Ravager  
  38  3:31  Zergling x4  
  39  3:38  Zergling x2  
  39  3:43  Zergling x2  
  39  3:44  Zergling x2  
  39  3:47  Zergling x2  
  39  3:58  Zergling x6  
  36  4:11  Zergling x2  
  36  4:12  Zergling x4  
  37  4:17  Zergling x2  
  37  4:23  Zergling x2  
  38  4:28  Zergling x6  
  41  4:38  Zergling x4  
Tags
 
Add a new tag
Caveats
  • Supply blocks, unpowered buildings, or Contaminate may cause inaccurate times.
  • Supply counts are checked every 10 seconds.